[Event "68th Warsaw-ch-B 2019"]
[Site "Warsaw"]
[Date "2019.11.17"]
[Round "7.4"]
[White "Bartodziej, Bartosz"]
[Black "Jaroszuk, Marcin"]
[Result "1-0"]
[ECO "C55"]
[WhiteElo "1734"]
[BlackElo "1545"]
[Annotator "NA RC"]
[PlyCount "151"]
[EventDate "2019.11.14"]
[EventType "swiss"]
[EventCountry "POL"]
[SourceTitle "playchess.com"]
[Source "ChessBase"]
[SourceQuality "1"]
[TimeControl "5400+30"]

1. e4 e5 2. Nf3 Nc6 3. Bc4 Nf6 4. d3 Be7 5. c3 d6 6. Bb3 O-O 7. O-O Bg4 8. Nbd2 Qd7 9. h3 Bh5 10. Re1 Rad8 11. Nf1 Qc8 12. Ng3 Bg6 13. Nh4 Kh8 14. Nhf5 Nd7 15. Be3 a6 16. Qc2 Bf6 17. Qe2 Ne7 18. Nxe7 Bxe7 19. Rad1 f5 20. exf5 Bxf5 21. Nxf5 Rxf5 22. Be6 Rf6 23. Bg4 Rdf8 24. d4 Qe8 25. Bxd7 Qxd7 26. dxe5 Rg6 27. Kh1 Qc6 28. f3 dxe5 29. Bg1 Bd6 30. Bh2 Rg5 31. Qe4 Qb5 32. Qe2 Qc6 33. Qd2 Rgf5 34. Re4 Kg8 35. Qd5+ Qxd5 36. Rxd5 Re8 37. f4 b6 38. g4 Rff8 39. fxe5 Bc5 40. Rf4 Rxf4 41. Bxf4 Rf8 42. Bg3 Kf7 43. Kg2 Ke6 44. Rd3 Rf7 45. a4 a5 46. c4 Rf8 47. b3 Rf7 48. Rd8 Ke7 49. Rc8 Kd7 50. Rxc7+ Kxc7 51. e6+ Kd8 52. exf7 Ke7 53. Kf3 Kxf7 54. Bh4 Ke6 55. Ke4 g6 56. Bg5 Kd6 57. Bh6 Ke6 58. Bg7 Bd6 59. Bd4 Bc7 60. c5 bxc5 61. Bxc5 Bd8 62. b4 axb4 63. Bxb4 h5 64. gxh5 gxh5 65. Bd2 Kd6 66. a5 Kc6 67. a6 Kb6 68. Ba5+ Kxa6 69. Bxd8 Kb7 70. Kf5 Kc8 71. Bh4 Kd7 72. Kg5 Ke6 73. Kxh5 Kf7 74. Kh6 Kg8 75. Kg6 Kf8 76. Bf6 1-0

[Event "68th Warsaw-ch-B 2019"]
[Site "Warsaw"]
[Date "2019.11.18"]
[Round "8.1"]
[White "Jaworski, Jakub"]
[Black "Bartodziej, Bartosz"]
[Result "1-0"]
[ECO "A01"]
[WhiteElo "1646"]
[BlackElo "1734"]
[Annotator "NA RC"]
[PlyCount "97"]
[EventDate "2019.11.14"]
[EventType "swiss"]
[EventCountry "POL"]
[SourceTitle "playchess.com"]
[Source "ChessBase"]
[SourceQuality "1"]
[TimeControl "5400+30"]

1. b3 e5 2. Bb2 Nc6 3. e3 d5 4. Bb5 Bd6 5. f4 f6 6. Qh5+ g6 7. Qh4 exf4 8. Nc3 fxe3 9. dxe3 Be5 10. O-O-O Nge7 11. Nxd5 Bxb2+ 12. Kxb2 Nxd5 13. e4 Bd7 14. exd5 Ne5 15. Bxd7+ Nxd7 16. Nf3 O-O 17. Nd4 f5 18. Qf4 Nc5 19. Qe5 Qd6 20. Rhe1 Ne4 21. Qxd6 cxd6 22. c4 Rae8 23. Ne6 Rf7 24. Re2 Rfe7 25. g4 a6 26. gxf5 gxf5 27. Rg1+ Kh8 28. Rf1 Nc5 29. Rxf5 Nxe6 30. Rxe6 Rxe6 31. dxe6 Rxe6 32. Rf2 b5 33. Kc3 Kg7 34. cxb5 axb5 35. Kb4 Re5 36. a4 bxa4 37. bxa4 d5 38. a5 d4 39. Ra2 d3 40. Kc3 Rd5 41. Kd2 Kf6 42. a6 Rd8 43. a7 Ra8 44. Kxd3 Ke6 45. Ke4 h6 46. Kf4 Kf6 47. Ra6+ Kg7 48. Ke5 Kf8 49. Ke4 1-0

[Event "68th Warsaw-ch-B 2019"]
[Site "Warsaw"]
[Date "2019.11.18"]
[Round "8.2"]
[White "Podgorski, Maciej"]
[Black "Gierech, Pawel"]
[Result "1-0"]
[ECO "C57"]
[WhiteElo "1737"]
[BlackElo "1652"]
[Annotator "NA RC"]
[PlyCount "43"]
[EventDate "2019.11.14"]
[EventType "swiss"]
[EventCountry "POL"]
[SourceTitle "playchess.com"]
[Source "ChessBase"]
[SourceQuality "1"]
[TimeControl "5400+30"]

1. e4 e5 2. Nf3 Nc6 3. Bc4 Nf6 4. Ng5 d5 5. exd5 b5 6. Bf1 Qxd5 7. Nc3 Qc5 8. Bxb5 h6 9. Nf3 Bd6 10. Qe2 O-O 11. Na4 Nd4 12. Nxc5 Nxe2 13. Kxe2 Bxc5 14. Nxe5 Bb7 15. c3 Bd6 16. d4 Kh7 17. f3 c5 18. Bd2 cxd4 19. cxd4 Nd5 20. Kf2 Nb4 21. a3 Nc2 22. Bd3+ 1-0

[Event "68th Warsaw-ch-B 2019"]
[Site "Warsaw"]
[Date "2019.11.18"]
[Round "8.3"]
[White "Winogrodzki, Jozef"]
[Black "Mazurkiewicz, Wojciech"]
[Result "0-1"]
[ECO "C42"]
[WhiteElo "1415"]
[BlackElo "1557"]
[Annotator "NA RC"]
[PlyCount "62"]
[EventDate "2019.11.14"]
[EventType "swiss"]
[EventCountry "POL"]
[SourceTitle "playchess.com"]
[Source "ChessBase"]
[SourceQuality "1"]
[TimeControl "5400+30"]

1. e4 e5 2. Nf3 Nf6 3. Nc3 Bb4 4. d3 d5 5. exd5 Nxd5 6. Bd2 Nc6 7. Nxd5 Bxd2+ 8. Qxd2 Qxd5 9. Be2 O-O 10. O-O Bg4 11. h3 Bh5 12. a3 Rad8 13. Qg5 Bg6 14. Rad1 h6 15. Qc1 Qe6 16. Rfe1 f5 17. b3 Qf6 18. Nh2 Nd4 19. Bf1 e4 20. f4 Qb6 21. Kh1 Qc6 22. Rd2 Bh5 23. dxe4 fxe4 24. g4 e3+ 25. Bg2 exd2 26. Qxd2 Qxc2 27. Qxc2 Nxc2 28. Rc1 Bf7 29. Rxc2 Bxb3 30. Rxc7 Rxf4 31. Bxb7 Rf7 0-1

[Event "68th Warsaw-ch-B 2019"]
[Site "Warsaw"]
[Date "2019.11.18"]
[Round "8.4"]
[White "Klim, Filip"]
[Black "Wilczynski, Adam"]
[Result "1-0"]
[ECO "B41"]
[WhiteElo "1634"]
[BlackElo "1617"]
[Annotator "NA RC"]
[PlyCount "77"]
[EventDate "2019.11.14"]
[EventType "swiss"]
[EventCountry "POL"]
[SourceTitle "playchess.com"]
[Source "ChessBase"]
[SourceQuality "1"]
[TimeControl "5400+30"]

1. e4 c5 2. Nf3 e6 3. d4 cxd4 4. Nxd4 a6 5. c4 Nf6 6. Nc3 Qc7 7. Qd3 b6 8. Be2 Bb7 9. O-O Be7 10. Be3 d6 11. f4 Nbd7 12. b4 O-O 13. Rac1 Rad8 14. Nd5 exd5 15. cxd5 Nc5 16. bxc5 dxc5 17. Bf3 Qd7 18. Nf5 Rfe8 19. Qb3 Bf8 20. Ng3 b5 21. Bxc5 Bxc5+ 22. Rxc5 h5 23. Qc2 Rc8 24. Re1 Bxd5 25. Nxh5 Nxe4 26. Bxe4 Rxc5 27. Qxc5 Rxe4 28. Rd1 Rc4 29. Qxd5 Qa7+ 30. Kh1 Qe3 31. Qg5 Qd4 32. Re1 Rc8 33. f5 Qc3 34. Rg1 Rc5 35. h3 b4 36. Rd1 a5 37. Nxg7 Qxg7 38. Rd8+ Kh7 39. Qh5+ 1-0

[Event "68th Warsaw-ch-B 2019"]
[Site "Warsaw"]
[Date "2019.11.18"]
[Round "8.5"]
[White "Nawalaniec, Adam"]
[Black "Sloniewska, Alicja"]
[Result "1/2-1/2"]
[ECO "B13"]
[WhiteElo "1360"]
[BlackElo "1592"]
[Annotator "NA RC"]
[PlyCount "85"]
[EventDate "2019.11.14"]
[EventType "swiss"]
[EventCountry "POL"]
[SourceTitle "playchess.com"]
[Source "ChessBase"]
[SourceQuality "1"]
[TimeControl "5400+30"]

1. e4 c6 2. d4 d5 3. exd5 cxd5 4. Bd3 Nc6 5. c3 Nf6 6. Bf4 Bg4 7. f3 Bh5 8. Ne2 e6 9. Nd2 Bd6 10. O-O O-O 11. Bxd6 Qxd6 12. Ng3 Bg6 13. Nb3 Rab8 14. f4 b5 15. f5 exf5 16. Nxf5 Qd8 17. Nc5 b4 18. Qa4 Qb6 19. Na6 Rb7 20. Nc5 Bxf5 21. Rxf5 Rc7 22. Raf1 bxc3 23. bxc3 Ne7 24. Rxf6 gxf6 25. Nd7 Qb2 26. Bxh7+ Kxh7 27. Nxf8+ Kg7 28. Nd7 Qxc3 29. Nxf6 Qe3+ 30. Kh1 Rc1 31. Qa6 Rxf1+ 32. Qxf1 Qxd4 33. Nh5+ Kf8 34. Ng3 Qa4 35. Qb1 Nc6 36. h3 d4 37. Qf5 Ne7 38. Qf4 Qd1+ 39. Kh2 a6 40. Qb8+ Kg7 41. Qe5+ Kf8 42. Qb8+ Kg7 43. Qe5+ 1/2-1/2

[Event "68th Warsaw-ch-B 2019"]
[Site "Warsaw"]
[Date "2019.11.19"]
[Round "9.1"]
[White "Mazurkiewicz, Wojciech"]
[Black "Jaworski, Jakub"]
[Result "0-1"]
[ECO "B00"]
[WhiteElo "1557"]
[BlackElo "1646"]
[Annotator "NA"]
[PlyCount "60"]
[EventDate "2019.11.14"]
[EventType "swiss"]
[EventCountry "POL"]
[SourceTitle "playchess.com"]
[Source "ChessBase"]
[SourceQuality "1"]
[TimeControl "5400+30"]

1. e4 b6 2. d4 Bb7 3. Bd3 Nf6 4. Nc3 e6 5. Nge2 c5 6. Bg5 Qc8 7. dxc5 bxc5 8. e5 Nd5 9. Be4 Nxc3 10. Nxc3 h6 11. Be3 Be7 12. Qd2 Nc6 13. f4 Nb4 14. a3 Bxe4 15. Nxe4 Nd5 16. Nd6+ Bxd6 17. exd6 Rb8 18. c4 Nxe3 19. Qxe3 Rxb2 20. O-O Qc6 21. Qg3 O-O 22. f5 exf5 23. Rxf5 Qe4 24. Rf4 Rxg2+ 25. Qxg2 Qxf4 26. Rf1 Qxd6 27. Rb1 Qd3 28. Rb7 Re8 29. Qg3 Qd1+ 30. Kg2 Qd2+ 0-1

[Event "68th Warsaw-ch-B 2019"]
[Site "Warsaw"]
[Date "2019.11.19"]
[Round "9.2"]
[White "Gierech, Pawel"]
[Black "Kwiek, Janusz"]
[Result "1-0"]
[ECO "B00"]
[WhiteElo "1652"]
[BlackElo "1496"]
[Annotator "NA"]
[PlyCount "123"]
[EventDate "2019.11.14"]
[EventType "swiss"]
[EventCountry "POL"]
[SourceTitle "playchess.com"]
[Source "ChessBase"]
[SourceQuality "1"]
[TimeControl "5400+30"]

1. e4 d6 2. d4 Nf6 3. Bd3 g6 4. Bg5 Bg7 5. Qd2 c5 6. c3 Nc6 7. Ne2 O-O 8. Bh6 Qb6 9. Bxg7 Kxg7 10. d5 Ne5 11. b3 Nxd3+ 12. Qxd3 c4 13. Qc2 cxb3 14. axb3 Bd7 15. Nd2 Rac8 16. O-O a6 17. Kh1 Ng4 18. Kg1 f5 19. h3 Nf6 20. c4 fxe4 21. Nxe4 Nxd5 22. N4g3 Nf6 23. Rad1 d5 24. Qc3 Kg8 25. Qe5 dxc4 26. bxc4 Qc5 27. Qb2 Qc7 28. Rd4 e5 29. Rd2 Be6 30. c5 Rfd8 31. Rd6 Rxd6 32. cxd6 Qxd6 33. Qxb7 Rb8 34. Qf3 Bd5 35. Qd3 Rb3 36. Qd2 Qb6 37. Qc2 Qc6 38. Qd1 a5 39. Nc1 Rc3 40. Nce2 Rc5 41. f3 a4 42. Ne4 Nxe4 43. fxe4 Bf7 44. Ng3 Qe8 45. Qd6 Rc6 46. Qb4 Ra6 47. Qb7 Rd6 48. Qb4 Qd7 49. Kh2 Rd4 50. Qb8+ Qd8 51. Qxe5 a3 52. Qf4 Qd7 53. Rb1 a2 54. Rb8+ Be8 55. Qe5 a1=Q 56. Rxe8+ Qxe8 57. Qxe8+ Kg7 58. Qe7+ Kh6 59. Qf8+ Kg5 60. h4+ Kg4 61. Qf3+ Kxh4 62. Qf4# 1-0

[Event "68th Warsaw-ch-B 2019"]
[Site "Warsaw"]
[Date "2019.11.19"]
[Round "9.3"]
[White "Podgorski, Maciej"]
[Black "Winogrodzki, Jozef"]
[Result "1-0"]
[ECO "B56"]
[WhiteElo "1737"]
[BlackElo "1415"]
[Annotator "NA"]
[PlyCount "41"]
[EventDate "2019.11.14"]
[EventType "swiss"]
[EventCountry "POL"]
[SourceTitle "playchess.com"]
[Source "ChessBase"]
[SourceQuality "1"]
[TimeControl "5400+30"]

1. e4 c5 2. Nf3 d6 3. d4 cxd4 4. Nxd4 Nf6 5. Nc3 e5 6. Nb3 Be7 7. Bg5 Be6 8. Qd2 a6 9. O-O-O Nbd7 10. f4 exf4 11. Bxf4 Ne5 12. Nd4 Qc7 13. Nd5 Nxd5 14. exd5 Bd7 15. Nf3 Nxf3 16. gxf3 O-O-O 17. Qb4 Qc5 18. Qb3 Rde8 19. Be3 Qc7 20. Bb6 Qb8 21. Qc4+ 1-0

[Event "68th Warsaw-ch-B 2019"]
[Site "Warsaw"]
[Date "2019.11.19"]
[Round "9.4"]
[White "Bartodziej, Bartosz"]
[Black "Klim, Filip"]
[Result "1-0"]
[ECO "C54"]
[WhiteElo "1734"]
[BlackElo "1634"]
[Annotator "NA"]
[PlyCount "83"]
[EventDate "2019.11.14"]
[EventType "swiss"]
[EventCountry "POL"]
[SourceTitle "playchess.com"]
[Source "ChessBase"]
[SourceQuality "1"]
[TimeControl "5400+30"]

1. e4 e5 2. Nf3 Nc6 3. Bc4 Bc5 4. c3 Nf6 5. d3 d6 6. Nbd2 a6 7. Bb3 h6 8. O-O Ba7 9. Re1 g5 10. d4 g4 11. dxe5 gxf3 12. exf6 fxg2 13. e5 Nxe5 14. Qf3 Qd7 15. Nc4 Qf5 16. Qxf5 Bxf5 17. Nxe5 dxe5 18. Rxe5+ Be6 19. Bxe6 fxe6 20. Rxe6+ Kf7 21. Re1 Kxf6 22. Bf4 Rh7 23. Rad1 Rf8 24. Bg3 Rhf7 25. Rd2 Kg7 26. Kxg2 Bb6 27. Re4 c6 28. Rde2 Bc7 29. Bxc7 Rxc7 30. Re7+ Rf7 31. Rxc7 Rxc7 32. f4 Kf6 33. Kf3 Kf5 34. Rd2 Kf6 35. Rd6+ Kg7 36. f5 Rf7 37. Kf4 Rc7 38. f6+ Kg6 39. Ke5 Rf7 40. h4 h5 41. Rd8 Rc7 42. Ke6 1-0

[Event "68th Warsaw-ch-B 2019"]
[Site "Warsaw"]
[Date "2019.11.19"]
[Round "9.5"]
[White "Lapies, Lukasz"]
[Black "Jaskulski, Jan"]
[Result "1-0"]
[ECO "A48"]
[WhiteElo "1593"]
[BlackElo "1594"]
[Annotator "NA"]
[PlyCount "53"]
[EventDate "2019.11.14"]
[EventType "swiss"]
[EventCountry "POL"]
[SourceTitle "playchess.com"]
[Source "ChessBase"]
[SourceQuality "1"]
[TimeControl "5400+30"]

1. d4 Nf6 2. Nf3 g6 3. c4 Bg7 4. Nc3 O-O 5. e4 d6 6. Bd3 Nc6 7. a3 a5 8. h3 e5 9. d5 Ne7 10. O-O Ne8 11. Be3 f5 12. exf5 gxf5 13. Bc2 f4 14. Bd2 Nf5 15. Ne4 Nf6 16. Neg5 Qe7 17. Qb1 Ne8 18. g4 h6 19. Ne6 Nh4 20. Nxh4 Qxh4 21. Bh7+ Kh8 22. Nxf8 Bxf8 23. Qd3 Bxg4 24. Bf5 Bxf5 25. Qxf5 Nf6 26. Be1 h5 27. f3 1-0